 Dungeon Crawl Stone Soup version 0.30.1-11-g7821555f0a (webtiles) character file.

Game seed: 7309696570622760789

14790 Ekaitz the Zephyrmancer (level 12, -3/70 HPs)
             Began as a Tengu Air Elementalist on Dec 23, 2023.
             Was a Priest of Vehumet.
             Slain by a wolf (4 damage)
             ... led by Grum
             ... on level 1 of the Lair of Beasts.
             The game lasted 00:39:49 (14292 turns).

Ekaitz the Zephyrmancer (Tengu Air Elementalist)   Turns: 14292, Time: 00:39:49

Health: -3/70      AC:  8    Str: 13    XL:     12   Next: 20%
Magic:  0/25       EV: 19    Int: 17    God:    Vehumet [***...]
Gold:   479        SH:  0    Dex: 17    Spells: 12/27 levels left

rFire   . . .        b - +5 scimitar
rCold   . . .        (no shield)
rNeg    + + .        G - +4 robe "Xeezenau" {rN++ Str+3}
rPois   .            (helmet restricted)
rElec   .            M - +0 cloak
rCorr   .            L - +0 pair of gloves
SInv    .            (boots unavailable)
Will    .....        e - amulet of guardian spirit
Stlth   +++          (no ring)
HPRegen 0.31/turn    (no ring)
MPRegen 0.19/turn

%: guardian spirit
@: flying quickly and evasively, quick
A: beak, talons 3, nimble flight
a: Renounce Religion


You were on level 1 of the Lair of Beasts.
You worshipped Vehumet.
Vehumet was most pleased with you.
You visited 3 branches of the dungeon, and saw 12 of its levels.
You also visited: Ossuary.

You collected 627 gold pieces.
You spent 148 gold pieces at shops.

Inventory:

Hand Weapons
 a - a +1 dagger of venom
 b - a +5 scimitar (weapon)
 l - a +3 sling
 S - a +2 short sword of draining
 T - a -2 demon whip of venom
Missiles
 i - 7 javelins
 D - 2 curare-tipped darts
 P - 19 poisoned darts
 U - 2 throwing nets
Armour
 n - a +0 buckler
 E - a scarf of invisibility
 G - the +4 robe "Xeezenau" (worn) {rN++ Str+3}
   (You bought it in a shop on level 5 of the Dungeon)

   Str:       It affects your strength (+3).
   rN:        It greatly protects you from negative energy.
 L - a +0 pair of gloves (worn)
 M - a +0 cloak (worn)
Magical Staves
 c - a staff of air
 Y - a staff of cold
Jewellery
 e - an amulet of guardian spirit (around neck)
 h - a ring of ice
Wands
 u - a wand of polymorph (9)
 A - a wand of paralysis (7)
 W - a wand of quicksilver (4)
Scrolls
 d - 2 scrolls of amnesia {unknown}
 f - 3 scrolls of fear {unknown}
 g - a scroll of poison
 m - 3 scrolls of blinking {unknown}
 o - 3 scrolls of immolation {unknown}
 q - 2 scrolls of torment
 r - a scroll of silence
 s - 2 scrolls of summoning
 x - a scroll of brand weapon
 y - 3 scrolls of enchant armour {unknown}
 I - 2 scrolls of fog
 K - 5 scrolls of teleportation
 Q - a scroll of acquirement
 V - a scroll of vulnerability {unknown}
Potions
 j - 5 potions of heal wounds
 k - 3 potions of haste
 p - 5 potions of brilliance
 v - 2 potions of ambrosia
 w - 2 potions of attraction
 z - 7 potions of curing
 B - 4 potions of lignification
 C - 3 potions of mutation
 J - a potion of magic
 R - a potion of might
 X - a potion of resistance
Miscellaneous
 t - a piece from Xom's chessboard (15/15)


   Skills:
 * Level 6.0 Fighting
 + Level 2.2(3.2) Short Blades
 + Level 3.4(3.8) Long Blades
 * Level 7.6 Dodging
 + Level 4.7 Stealth
 * Level 8.3 Spellcasting
 * Level 10.0 Conjurations
 * Level 13.8 Air Magic
 * Level 5.1 Evocations


You had 12 spell levels left.
You knew the following spells:

 Your Spells              Type           Power      Damage    Failure   Level
a - Shock                 Conj/Air       100%       1d9       1%          1
b - Static Discharge      Conj/Air       94%        2-6/arc   1%          2
c - Swiftness             Air            52%        N/A       1%          3
d - Airstrike             Air            26%        2d(4-20)  1%          4
e - Fireball              Conj/Fire      12%        3d7       10%         5

Your spell library contained the following spells:

 Spells                   Type           Power      Damage    Failure   Level
 Iskenderun's Mystic Bla  Conj/Tloc      24%        2d7       3%          4
 Magic Dart               Conj           100%       1d8       1%          1
 Searing Ray              Conj           82%        2d7       1%          2
 Iskenderun's Battlesphe  Conj           41%        2d9       1%          5
 Fulminant Prism          Conj/Hex       12%        3d9       3%          4
 Conjure Ball Lightning   Conj/Air       23%        3x3d6     3%          6
 Call Canine Familiar     Summ           7%         N/A       30%         3
 Portal Projectile        Hex/Tloc       14%        N/A       30%         3
 Orb of Destruction       Conj           20%        9d8       32%         7
 Leda's Liquefaction      Hex/Erth       3%         N/A       71%         4


Dungeon Overview and Level Annotations

Branches:
Dungeon (10/15)            Temple (1/1) D:5            Lair (1/5) D:8
    Orc (0/2) D:9         Ossuary (visited)

Altars:
Ashenzari
Cheibriados
Dithmenos
Elyvilon
Fedhas
Gozag
Hepliaklqana
Kikubaaqudgha
Makhleb
Nemelex Xobeh
Okawaru
Qazlal
Ru
Sif Muna
Trog
Uskayaw
Vehumet
Wu Jian
Xom
Yredelemnul
Zin
The Shining One

Shops:
D:5 [

Annotations:
D:9 Erolcha
Lair:1 Grum


Innate Abilities, Weirdness & Mutations

You have a beak for a mouth.
You have claws for feet.
Your magical nature lets you fly swiftly and evasively.


Message History

The death yak is moderately wounded.
The death yak gores you but does no damage.
You hit the death yak but do no damage.
The death yak looks as sick as possible!
You claw the death yak, but do no damage.
You peck the death yak.
The death yak is moderately wounded.
The death yak barely misses you.
Your +1 dagger of venom stops dripping with poison.
b - a +5 scimitar (weapon)
You slash the death yak! You claw the death yak.
You peck the death yak, but do no damage.
The death yak is heavily wounded.
The death yak misses you. The death yak gores you!!
* * * LOW HITPOINT WARNING * * *
As you read the scroll labelled OROWUC OPTOPH, it crumbles to dust.
You feel strangely unstable.
It was a scroll of teleportation.
The death yak gores you.
* * * LOW HITPOINT WARNING * * *
Casting: Airstrike (safe; 1% risk of failure)
Confirm with . or Enter, or press ? or * to list all spells.
Okay, then.
Aiming: Quicksilver Bolt
Press: ? - help, Shift-Dir - straight line, f/p - death yak
Aim: a death yak (severely wounded, extremely poisoned, 91% to hit)
The bolt of dispelling energy hits the death yak!!
The death yak is almost dead.
Your surroundings suddenly seem different.
Grum, 2 wolves and a cane toad come into view.
Grum growls angrily.
The cane toad croaks.
You hear an angry hiss.
The wolf howls! x2
Grum hits you from afar with a -2 spear.
* * * LOW HITPOINT WARNING * * *
A komodo dragon comes into view.
You hear a shout!
You hear a croak.
The wolf attacks as you move away! The wolf completely misses you.
You hear a croak.
You hear a loud, deep croak!
A blink frog comes into view.
The wolf bites you.
You die...

......#
.......## ....
........## ....
.........##.....
#.........#.....
................
................
.......@.g......
.......h........
.........h......
F...............
................
................
.............F..
................
..####..#....l.


You could see Grum, a cane toad, a blink frog and 2 wolves.

Vanquished Creatures
  Harold (D:9)
  3 two-headed ogres
  A death yak (Lair:1)
  Amaemon (D:8)
  Pikel (D:7)
  Joseph (D:9)
  Maggie (D:7)
  An unseen horror (D:10)
  An orange demon (D:8)
  A komodo dragon (Lair:1)
  A hornet (D:10)
  3 wyverns
  A wraith (D:10)
  22 yaks
  3 steam dragons
  3 water moccasins
  2 orc warriors
  An ice beast (D:4)
  2 sky beasts (D:8)
  A black bear (D:8)
  An ogre (D:4)
  2 centaurs
  2 lemures (D:7)
  2 phantoms
  3 kobold brigands
  9 bullfrogs
  2 gnoll sergeants
  11 scorpions
  5 wights (D:6)
  6 killer bees (D:9)
  4 howler monkeys
  A human zombie (Ossuary)
  Crazy Yiuf (D:7)
  2 centaur zombies (Ossuary)
  5 jellies
  4 hounds
  6 orc priests
  A sleepcap (D:4)
  7 iguanas
  A gnoll bouda (D:8)
  3 scorpion zombies (Ossuary)
  Ijyb (D:4)
  11 orc wizards
  3 mummies (Ossuary)
  14 gnolls
  7 adders
  A shadow imp (D:5)
  2 white imps (D:6)
  4 worms
  A dart slug (D:1)
  59 orcs
  5 ball pythons
  6 endoplasms
  4 giant cockroaches
  2 gnoll zombies (Ossuary)
  5 goblins
  5 hobgoblins
  2 jackals (D:5)
  17 kobolds
  4 quokkas
  6 bats
  10 frilled lizards
  3 goblin zombies (Ossuary)
  5 hobgoblin zombies (Ossuary)
  A kobold zombie (Ossuary)
  An orc zombie (Ossuary)
  9 rats
317 creatures vanquished.

Notes
Turn   | Place    | Note
-------+----------+-------------------------------------------
     0 | D:1      | Ekaitz the Tengu Air Elementalist began the quest for the
                  | Orb.
     0 | D:1      | Reached XP level 1. HP: 10/10 MP: 4/4
   215 | D:1      | Reached XP level 2. HP: 15/15 MP: 6/6
   218 | D:1      | Learned a level 2 spell: Static Discharge
   513 | D:1      | Reached XP level 3. HP: 20/20 MP: 5/7
   517 | D:1      | Learned a level 3 spell: Swiftness
  1110 | D:2      | Found a faded altar of an unknown god.
  1562 | D:3      | Reached XP level 4. HP: 23/24 MP: 5/8
  1575 | D:3      | Found a shimmering altar of Xom.
  1653 | D:3      | Noticed a phantom
  1728 | D:3      | Killed a phantom
  1729 | D:3      | Reached skill level 1 in Fighting
  1729 | D:3      | Reached skill level 1 in Short Blades
  1729 | D:3      | Reached skill level 5 in Air Magic
  1729 | D:3      | Gained mutation: Your magical nature lets you fly swiftly
                  | and evasively. [Tengu growth]
  1729 | D:3      | Reached XP level 5. HP: 18/29 MP: 1/9
  2258 | D:3      | Found an ornate altar of the Wu Jian Council.
  2909 | D:4      | Noticed an ice beast
  2920 | D:4      | Killed an ice beast
  2921 | D:4      | Reached XP level 6. HP: 23/34 MP: 1/11
  2927 | D:4      | Learned a level 4 spell: Airstrike
  3045 | D:4      | Reached skill level 6 in Air Magic
  3051 | D:4      | Noticed Ijyb
  3201 | D:4      | Reached XP level 7. HP: 39/39 MP: 8/12
  3399 | D:4      | Reached skill level 5 in Conjurations
  3567 | D:4      | Found a glowing golden altar of the Shining One.
  3575 | D:4      | Found a burning altar of Makhleb.
  4005 | D:4      | Killed Ijyb
  4115 | D:4      | Reached skill level 7 in Air Magic
  4286 | D:5      | Entered Level 5 of the Dungeon
  4445 | D:5      | Found an opulent altar of Gozag.
  4445 | D:5      | Found a shadowy altar of Dithmenos.
  4448 | D:5      | Found an iron altar of Okawaru.
  4491 | D:5      | Found a hazy altar of Hepliaklqana.
  4575 | D:5      | Reached XP level 8. HP: 45/45 MP: 8/13
  4587 | D:5      | Found a sand-covered staircase.
  4627 | Ossuary  | Entered an ossuary
  5027 | Ossuary  | Reached skill level 8 in Air Magic
  5684 | D:5      | Reached XP level 9. HP: 18/51 MP: 1/16
  5838 | D:5      | Reached skill level 9 in Air Magic
  5972 | D:5      | Found a staircase to the Ecumenical Temple.
  5981 | Temple   | Entered the Ecumenical Temple
  6176 | Temple   | Became a worshipper of Vehumet
  6216 | D:5      | Found Oqeos's Antique Armour Shop.
  6230 | D:5      | Bought a heavy robe for 148 gold pieces
  6230 | D:5      | Identified the +4 robe "Xeezenau" {rN++ Str+3} (You bought
                  | it in a shop on level 5 of the Dungeon)
  6787 | D:6      | Reached skill level 1 in Evocations
  8190 | D:7      | Reached * piety under Vehumet
  8190 | D:7      | Offered knowledge of Sandblast by Vehumet.
  8191 | D:7      | Reached skill level 10 in Air Magic
  8311 | D:7      | Noticed Maggie
  8343 | D:7      | Found a runed translucent door.
  8344 | D:7      | Noticed Crazy Yiuf
  8352 | D:7      | Killed Crazy Yiuf
  8397 | D:7      | Killed Maggie
  8398 | D:7      | Reached skill level 5 in Dodging
  8670 | D:7      | Reached skill level 1 in Long Blades
  8783 | D:7      | Reached XP level 10. HP: 51/58 MP: 9/18
  8872 | D:7      | Found a hide-covered altar of Uskayaw.
  9071 | D:7      | Noticed Pikel
  9077 | D:7      | Killed Pikel
  9078 | D:7      | Reached skill level 5 in Spellcasting
  9211 | D:7      | Reached skill level 11 in Air Magic
 10006 | D:8      | Learned a level 5 spell: Fireball
 10347 | D:8      | Offered knowledge of Scorch by Vehumet.
 10422 | D:8      | Found a shimmering blue altar of Sif Muna.
 10459 | D:8      | Noticed Amaemon
 10462 | D:8      | Noticed an orange demon
 10505 | D:8      | Killed Amaemon
 10506 | D:8      | Reached skill level 5 in Fighting
 10570 | D:8      | Killed an orange demon
 10570 | D:8      | Reached ** piety under Vehumet
 10965 | D:8      | Reached skill level 12 in Air Magic
 11202 | D:8      | Found a staircase to the Lair.
 11477 | D:8      | Reached XP level 11. HP: 63/63 MP: 11/21
 11758 | D:9      | You are sucked into a shaft and drop 1 floor!
 11758 | D:10     | Entered Level 10 of the Dungeon
 11857 | D:10     | Offered knowledge of Hailstorm by Vehumet.
 11882 | D:10     | Noticed a two-headed ogre
 11991 | D:10     | Noticed a two-headed ogre
 12018 | D:10     | Killed a two-headed ogre
 12363 | D:9      | Reached *** piety under Vehumet
 12397 | D:9      | Noticed Harold
 12611 | D:9      | Noticed Erolcha
 12919 | D:10     | Reached skill level 13 in Air Magic
 13126 | D:9      | Noticed a two-headed ogre
 13157 | D:9      | Noticed a two-headed ogre
 13160 | D:9      | Killed a two-headed ogre
 13214 | D:9      | Killed a two-headed ogre
 13315 | D:9      | Identified a scroll of acquirement
 13440 | D:9      | Killed Harold
 13441 | D:9      | Reached XP level 12. HP: 69/69 MP: 7/25
 13601 | D:9      | Offered knowledge of Iskenderun's Mystic Blast by Vehumet.
 13738 | D:9      | Found a staircase to the Orcish Mines.
 13988 | D:9      | Noticed Joseph
 13993 | D:9      | Killed Joseph
 14066 | Lair:1   | Entered Level 1 of the Lair of Beasts
 14190 | Lair:1   | Reached skill level 5 in Evocations
 14193 | Lair:1   | Reached skill level 10 in Conjurations
 14268 | Lair:1   | Noticed a death yak
 14269 | Lair:1   | Noticed a death yak
 14277 | Lair:1   | Killed a death yak
 14288 | Lair:1   | HP: 1/70 [death yak[a torpor snail] (4)]
 14291 | Lair:1   | Noticed Grum
 14292 | Lair:1   | Slain by a wolf

Illustrated notes

Levels and vault maps discovered:
D:1:      dpeg_arrival_shrine, layout_loops_ring
D:2:      layout_rooms, shapermc_ecumenical_altar_pompeii
D:3:      layout_basic, nzn_wu_jian_council_hall, xom_butterflies,
          minmay_fountain_box, interstate_on_off,
          hangedman_abyss_or_decor_lesser_grid
D:4:      layout_basic, lemuel_crystal_altar, lemuel_tele_altar, uniq_ijyb
D:5:      layout_layer_cave, nicolae_overflow_quartered_altars,
          minmay_temple_entry_waves, serial_shops, shop,
          lightli_ossuary_entry_decrepit_ruins
D:6:      layout_basic
D:7:      layout_basic, nicolae_uskayaw_suspiria, lightli_orcish_oven,
          uniq_maggie, uniq_pikel, uniq_crazy_yiuf_cottage
D:8:      layout_gridville, lemuel_blue_sif_altar, due_lair_maze_entry_diamond,
          uniq_amaemon
D:9:      minmay_statue_hallways, layout_basic, orc_0_dummy, st_stairs_8,
          minmay_statues_item, uniq_joseph, uniq_harold, uniq_erolcha
D:10:     layout_rooms, chequers_serial_rivers_room_a
Temple:   nicolae_temple_slightly_damp_pantheon
Lair:1:   dreamdust_cave_troll, layout_hall_layers, st_stairs_5,
          beast_lair_carwin_10, uniq_grum, uniq_nergalle, uniq_urug

Skill      XL: |  1  2  3  4  5  6  7  8  9 10 11 12 |
---------------+-------------------------------------+-----
Conjurations   | 2 3 4 5 7 8 9 10 | 10.0
Fighting       | 1 2 3 4 5 6 |  6.0
Short Blades   | 1 2 |  2.2
Air Magic      | 5 6 7 8 10 12 13 | 13.8
Stealth        | 3 4 |  4.7
Dodging        | 3 4 5 6 7 |  7.6
Spellcasting   | 3 4 6 8 |  8.3
Evocations     | 2 3 4 5 |  5.1
Long Blades    | 1 2 3 |  3.4

Action                     |  1- 3 |  4- 6 |  7- 9 | 10-12 || total
---------------------------+-------+-------+-------+-------++-------
  Melee: Dagger            |    28 |    44 |    79 |     6 ||   157
         Kick              |     5 |    14 |    49 |    25 ||    93
         Peck              |     1 |     4 |    24 |    18 ||    47
         Scimitar          |       |       |    34 |    73 ||   107
   Cast: Shock             |    44 |    54 |   164 |   190 ||   452
         Static Discharge  |     2 |    14 |    37 |    28 ||    81
         Airstrike         |       |       |    20 |    83 ||   103
         Swiftness         |       |       |     1 |       ||     1
         Fireball          |       |       |       |     2 ||     2
  Evoke: Wand              |       |       |       |     1 ||     1
    Use: Scroll            |       |       |    13 |     5 ||    18
   Stab: Sleeping          |    10 |     1 |     7 |       ||    18
         Distracted        |       |       |     1 |       ||     1
 Armour: Robe              |     6 |     9 |    23 |    30 ||    68
  Dodge: Dodged            |    15 |    39 |   145 |   179 ||   378
